 Dungeon Crawl Stone Soup version 0.27-a0-385-g3208abaabc (webtiles) character file.

Game seed: 5169199948695504609

83 tilp the Sneak (level 4, -2/29 HPs)
             Began as an Octopode Transmuter on Feb 19, 2021.
             Killed by divine providence
             ... invoked by an orc priest
              (15 damage)
             ... on level 3 of the Dungeon.
             The game lasted 00:02:28 (2289 turns).

tilp the Sneak (Octopode Transmuter)                Turns: 2289, Time: 00:02:29

Health: -2/29      AC:  1    Str:  9    XL:     4   Next: 44%
Magic:  7/7        EV: 13    Int: 16    God:
Gold:   86         SH:  0    Dex: 12    Spells: 4/7 levels left

rFire    . . .     SeeInvis .     - Unarmed
rCold    . . .     Faith    .   (no shield)
rNeg     . . .     Spirit   .   (helmet currently unavailable)
rPois    .         Reflect  .   (no amulet)
rElec    .         Harm     .   (no ring)
rCorr    .         Rampage  .   (no ring)
Will     .....                  (no ring)
Stlth    +++.......             (no ring)
HPRegen  0.09/turn              (no ring)
MPRegen  0.10/turn              (no ring)
                                (no ring)
                                (no ring)

@: appendages (expiring)
A: almost no armour, stealthy swim, amphibious, 8 rings, constrict 8, tentacle
spike 3, camouflage 1, gelatinous body 1
a: End Transformation


You were on level 3 of the Dungeon.
One of your tentacles had a temporary spike.
You visited 1 branch of the dungeon, and saw 3 of its levels.

You collected 86 gold pieces.

Inventory:

Missiles
 d - 5 javelins
 j - 53 stones (quivered)
 n - 13 poisoned darts
Scrolls
 a - 2 scrolls of enchant armour
 b - a scroll of teleportation {unknown}
 c - a scroll of magic mapping {unknown}
 i - a scroll of fog {unknown}
 k - a scroll of enchant weapon
 o - a scroll of blinking
Potions
 e - a potion of berserk rage
 f - a potion of mutation
 g - 2 potions of curing
 h - a potion of ambrosia {unknown}
 l - a potion of invisibility {unknown}
 m - a potion of haste
 p - 2 potions of heal wounds {unknown}


   Skills:
 + Level 1.8 Fighting
 - Level 2.0 Dodging
 - Level 4.0 Stealth
 * Level 3.8 Unarmed Combat
 - Level 2.0 Spellcasting
 - Level 2.0 Transmutations


You had 4 spell levels left.
You knew the following spells:

 Your Spells              Type           Power        Failure   Level
a - Beastly Appendage     Tmut           16%          9%          1
b - Wereblood             Tmut           8%           14%         2

Your spell library contained the following spells:

 Spells                   Type           Power        Failure   Level
 Spider Form              Tmut/Pois      2%           38%         3
 Ice Form                 Ice/Tmut       4%           80%         4
 Blade Hands              Tmut           4%           94%         5


Dungeon Overview and Level Annotations

Branches:
Dungeon (3/15)

Altars:
Hepliaklqana
Uskayaw
Yredelemnul


Innate Abilities, Weirdness & Mutations

You cannot wear most types of armour.
You are very stealthy in the water. (Stealth+)
You are amphibious.
You can wear up to eight rings at the same time.
You can use your tentacles to constrict eight enemies at once.
Your skin changes colour to match your surroundings (Stealth+).
Your rubbery body absorbs attacks. (AC +1, EV +1)
One of your tentacles bears a large vicious spike.


Message History

The orc wizard is moderately wounded.
The orc wizard barely misses you.
You tentacle-slap the orc wizard but do no damage.
You grab the orc wizard.
The orc wizard is moderately wounded.
You constrict the orc wizard.
The orc wizard hits you but does no damage.
You tentacle-slap the orc wizard but do no damage.
The orc wizard is moderately wounded.
Your transformation is almost over.
You constrict the orc wizard.
The orc wizard hits you with a +0 dagger.
You tentacle-slap the orc wizard.
The orc wizard is heavily wounded.
You constrict the orc wizard, but do no damage.
The orc wizard points at you and mumbles some strange words.
You are confused.
You bump into the rock wall.
You constrict the orc wizard. The orc wizard closely misses you.
You release your grip on the orc wizard.
Found a stone staircase leading up.
Unknown command.
The orc priest calls down the wrath of Beogh upon you.
Pain shoots through your body!
* * * LOW HITPOINT WARNING * * *
You see here a grey potion.
Unknown command.
You're too confused to move!
The orc wizard casts a spell at you. You resist with some effort.
Unknown command.
You feel better.
The orc wizard hits you with a +0 dagger.
Unknown command.
You miss the orc wizard. Your grab misses the orc wizard.
The orc wizard is severely wounded.
The orc priest calls down the wrath of Beogh upon you.
Beogh smites you!
Ouch! That really hurt!
You die...

. .#... #. ...#
## ##. ...# ..
#.. ###o(# .
#.###.†..# #.
#.##<.##..[.#
..###.###†#..##
#..
..(.....oo..##
.###..@#####
#...........#
...(.######....
#<#. .. # #


You could see an orc priest and an orc wizard.

Vanquished Creatures
  A worker ant zombie (D:2)
  4 adders (D:2)
  A dart slug (D:1)
  A leopard gecko (D:1)
  An orc (D:3)
  A giant cockroach (D:2)
  3 goblins (D:2)
  A hobgoblin (D:2)
  3 jackals (D:2)
  A ball python (D:2)
  8 bats
  2 frilled lizards (D:1)
  5 kobolds
  2 rats
34 creatures vanquished.

Notes
Turn   | Place    | Note
-------+----------+-------------------------------------------
     0 | D:1      | tilp the Octopode Transmuter began the quest for the Orb.
     0 | D:1      | Reached XP level 1. HP: 13/13 MP: 3/3
   141 | D:1      | Reached skill level 1 in Stealth
   298 | D:1      | Reached skill level 2 in Stealth
   535 | D:1      | Reached XP level 2. HP: 17/18 MP: 5/5
   706 | D:1      | Learned a level 2 spell: Wereblood
  1188 | D:2      | Reached skill level 3 in Stealth
  1232 | D:2      | Reached XP level 3. HP: 12/23 MP: 2/6
  1512 | D:2      | Reached skill level 4 in Stealth
  1719 | D:2      | Found a hide-covered altar of Uskayaw.
  1720 | D:2      | Found a basalt altar of Yredelemnul.
  1722 | D:2      | Found a hazy altar of Hepliaklqana.
  1776 | D:2      | Reached XP level 4. HP: 13/28 MP: 4/7
  2289 | D:3      | Killed from afar by an orc priest

Illustrated notes

Levels and vault maps discovered:
D:1:      psy_arrival_conway, layout_loops_corners, glass_columns_a
D:2:      layout_rooms, gammafunk_temple_overflow_forgotten, serial_park_tiny_1
D:3:      layout_rooms, overflow_temple_1_default,
          chequers_ecumenical_altar_island, uniq_crazy_yiuf_cottage

Skill      XL: |  1  2  3 |
---------------+----------+-----
Stealth        | 2 3 4 |  4.0
Fighting       | |  1.8
Dodging        | |  2.0
Unarmed Combat | |  3.8
Spellcasting   | |  2.0
Transmutations | |  2.0

Action                   |  1- 3 |  4- 6 || total
-------------------------+-------+-------++-------
Melee: Unarmed           |    66 |    28 ||    94
       Constrict         |    17 |     6 ||    23
       Tentacles         |    13 |     3 ||    16
       Kick              |     6 |     3 ||     9
       Punch             |       |     1 ||     1
Throw: Javelin           |     2 |       ||     2
       Stone             |     1 |     3 ||     4
 Cast: Beastly Appendage |     5 |     4 ||     9
       Wereblood         |     2 |       ||     2
  Use: Scroll            |     4 |     2 ||     6
       Potion            |       |     1 ||     1
 Stab: Sleeping          |     5 |     3 ||     8
Armor: Skin              |     5 |     1 ||     6
Dodge: Dodged            |    36 |    16 ||    52

Table legend: (Time is in decaauts)
 A = Elapsed time spent in this place.
 B = Non-inter-level travel time spent in this place.
 C = Inter-level travel time spent in this place.
 D = Time resting spent in this place.
 E = Time spent auto-exploring this place.
 F = Levels seen in this place.
 G = Mean time per level.
                   A        B        C        D        E       F      G
               +--------+--------+--------+--------+--------+-----+--------+
         Total |   2283 |   2235 |     48 |    567 |   1413 |   3 |  761.0 |
       Dungeon |   2283 |   2235 |     48 |    567 |   1413 |   3 |  761.0 |
               +--------+--------+--------+--------+--------+-----+--------+

Top non-repeatable levels by time:
     D:1: 1174 daAuts
     D:2: 1071 daAuts
     D:3: 37 daAuts
